 Dungeon Crawl Stone Soup version 0.31.0-11-ge490571c62 (webtiles) character file.

Game seed: 4481131216846192463

3322 tilp the Cleaver (level 9, -1/85 HPs)
             Began as a Minotaur Berserker on Feb 4, 2024.
             Was an Elder of Trog.
             Killed by nerve-wracking pain
             ... invoked by an orc priest
              (10 damage)
             ... on level 7 of the Dungeon.
             The game lasted 00:08:14 (5897 turns).

tilp the Cleaver (Minotaur Berserker)               Turns: 5897, Time: 00:08:15

Health: -1/85      AC: 18    Str: 26    XL:     9   Next: 71%
Magic:  8/8        EV:  8    Int:  4    God:    Trog [****..]
Gold:   250        SH:  5    Dex: 10    Spells: 8/8 levels left

rFire   + . .        a - +1 hand axe
rCold   . . .        (no shield)
rNeg    . . .        i - +0 plate armour
rPois   .            (helmet restricted)
rElec   .            n - +1 cloak
rCorr   .            (no gloves)
SInv    .            (no boots)
Will    .....        l - amulet of reflection Stlth
                     o - ring of protection from fire
HPRegen 0.34/turn    t - +4 ring of protection
MPRegen 0.11/turn

%: reflection
@: on berserk cooldown, slowed, very slow
A: horns 2, retaliatory headbutt
a: Renounce Religion, Berserk, Trog's Hand, Brothers in Arms


You were on level 7 of the Dungeon.
You worshipped Trog.
Trog was greatly pleased with you.
You visited 1 branch of the dungeon, and saw 7 of its levels.
You also visited: Sewer.

You collected 250 gold pieces.

Inventory:

Hand Weapons
 a - a +1 hand axe (weapon)
Missiles
 g - 3 poisoned darts
 m - 5 boomerangs (quivered)
 v - 4 atropa-tipped darts
Armour
 i - a +0 plate armour (worn)
 n - a +1 cloak (worn)
 q - a +0 chain mail
Jewellery
 l - an amulet of reflection (around neck)
 o - a ring of protection from fire (left hand)
 t - a +4 ring of protection (right hand)
 w - a +4 ring of protection
Wands
 s - a wand of iceblast (7)
 u - a wand of quicksilver (12)
Scrolls
 b - 3 scrolls of enchant weapon
 j - 2 scrolls of teleportation
 x - a scroll of vulnerability
 y - a scroll of blinking {unknown}
 B - a scroll of silence {unknown}
Potions
 c - 2 potions of berserk rage
 d - a potion of lignification
 e - 2 potions of mutation {unknown}
 h - a potion of degeneration {unknown}
 k - 5 potions of enlightenment
 p - a potion of might {unknown}
 r - a potion of invisibility {unknown}
 z - a potion of brilliance
 A - a potion of ambrosia {unknown}


   Skills:
 * Level 9.9 Fighting
 * Level 9.9 Axes
 - Level 3.0 Throwing
 - Level 4.5 Armour
 - Level 6.0 Dodging
 - Level 2.0 Stealth
 + Level 3.7 Evocations


You had 8 spell levels left.
You didn't know any spells.
Your spell library was empty.

Dungeon Overview and Level Annotations

Branches:
Dungeon (7/15)             Temple (0/1) D:5           Sewer (visited)

Altars:
Ashenzari
Elyvilon
Vehumet
Zin
The Shining One

Shops:
D:6 *

Annotations:
D:7 2 exclusions


Innate Abilities, Weirdness & Mutations

You have a pair of horns on your head.
You reflexively headbutt those who attack you in melee.


Message History

You destroy the sleepcap!
Trog accepts your kill.
An orc priest comes into view. It is wielding a +0 mace.
The orc priest shouts!
You hear a shout!
An orc comes into view. It is wielding a +0 mace.
The orc priest moves out of view.
An orc comes into view. It is wielding a +0 club.
Found a whip.
The orc shouts!
You hear a shout!
Okay, then.
Okay, then.
You feel better.
The orc priest casts a cantrip, but nothing happens.
The orc hits you but does no damage.
Unknown command.
Okay, then.
You hit the orc priest.
The orc priest is moderately wounded.
You completely miss the orc.
An orc priest comes into view. It is wielding a +0 club.
The orc hits you but does no damage.
The orc priest calls down the wrath of Beogh upon you.
You struggle to resist.
You hit the orc priest but do no damage.
Your headbutt misses the orc priest.
The orc priest is moderately wounded.
You hit the orc.
The orc priest invokes the aid of Beogh against you.
Beogh smites you!
* * * LOW HITPOINT WARNING * * *
The orc hits you but does no damage. The orc priest completely misses you.
You hit the orc priest. Your headbutt misses the orc priest.
The orc priest is severely wounded.
You hit the orc.
You kill the orc!
Trog accepts your kill.
You closely miss the orc.
The orc priest calls down the wrath of Beogh upon you.
Pain shoots through your body!
You die...

~~~##≈~......#...#..#
~###≈~~###.......#.##
##~~~~###..#.....#.#
~≈~~..###.##).#..#.#
##
~~~.#..##.###....#..
###.
.......†...####..#.#
####... #.......÷).#
#..#.# ###.....#
#..........# #..#
##.......#
#............##o@#
........##
.......w.......o).#
..........
##..................
.#########
#..............###...
# #..............#
....# #### .......
...) ####... ..###o.
#.. ....... .. .#. ..
≈≈≈≈≈≈≈ ......≈


You could see 2 orc priests and an orc.

Vanquished Creatures
  A steam dragon (D:6)
  A wyvern (D:7)
  A swamp worm (D:7)
  A water moccasin (D:6)
  2 ice beasts
  2 sky beasts
  A black bear (D:6)
  6 ogres
  4 phantoms
  2 bullfrogs
  4 scorpions
  7 wights
  3 killer bees (D:7)
  The ghost of Shym the Sneak, a weakling AtAl (D:4)
  2 bombardier beetles
  A hound (D:5)
  Crazy Yiuf (D:2)
  An orc priest (D:4)
  Jessica (D:3)
  2 sleepcaps (D:7)
  6 iguanas
  A hell rat (Sewer)
  Robin (D:2)
  13 adders
  2 river rats
  2 white imps
  12 orcs
  10 endoplasms
  2 giant cockroaches (D:4)
  20 goblins
  13 hobgoblins
  4 jackals (D:4)
  2 quokkas
  4 ball pythons (D:3)
  5 bats
  5 frilled lizards
  6 kobolds
  9 rats
161 creatures vanquished.

Notes
Turn   | Place    | Note
-------+----------+-------------------------------------------
     0 | D:1      | tilp the Minotaur Berserker began the quest for the Orb.
     0 | D:1      | Reached XP level 1. HP: 19/19 MP: 0/0
   177 | D:1      | Reached XP level 2. HP: 25/27 MP: 1/1
   206 | D:1      | Found a faded altar of an unknown god.
   580 | D:1      | Reached ** piety under Trog
   769 | D:2      | Reached XP level 3. HP: 33/33 MP: 2/2
  1119 | D:2      | Noticed Robin
  1129 | D:2      | Killed Robin
  1130 | D:2      | Reached XP level 4. HP: 41/41 MP: 3/3
  1184 | D:2      | Reached skill level 1 in Stealth
  1704 | D:2      | Found a runed translucent door.
  1705 | D:2      | Noticed Crazy Yiuf
  1744 | D:2      | Killed Crazy Yiuf
  1855 | D:3      | Noticed Jessica
  1859 | D:3      | Reached XP level 5. HP: 47/47 MP: 4/4
  1859 | D:3      | Killed Jessica
  1903 | D:3      | Found a glowing drain.
  1911 | D:3      | Reached skill level 5 in Axes
  1922 | Sewer    | Entered a sewer
  1956 | Sewer    | Reached *** piety under Trog
  1969 | Sewer    | Reached skill level 5 in Fighting
  2152 | D:3      | Reached skill level 1 in Throwing
  2301 | D:3      | Reached XP level 6. HP: 56/56 MP: 5/5
  3195 | D:4      | Found a radiant altar of Vehumet.
  3200 | D:4      | Reached XP level 7. HP: 44/62 MP: 6/6
  3360 | D:4      | Identified the +1 robe of the Eight Boll Weevils {Will+}
  3366 | D:4      | You fall into a shaft and drop 3 floors!
  3418 | D:5      | Entered Level 5 of the Dungeon
  3453 | D:5      | Found a staircase to the Ecumenical Temple.
  3748 | D:4      | Found a transporter.
  3750 | D:4      | Noticed Shym's ghost (weakling AtAl)
  3759 | D:4      | Reached **** piety under Trog
  3852 | D:4      | Found a transporter.
  3860 | D:4      | Killed Shym's ghost
  3863 | D:4      | Reached skill level 1 in Evocations
  3863 | D:4      | Reached XP level 8. HP: 71/71 MP: 7/7
  4310 | D:5      | Found a white marble altar of Elyvilon.
  4310 | D:5      | Found a glowing golden altar of the Shining One.
  4310 | D:5      | Found a glowing silver altar of Zin.
  4378 | D:6      | Reached skill level 5 in Dodging
  4441 | D:6      | Found Ijivure's Gadget Gallery.
  4458 | D:6      | Reached XP level 9. HP: 46/82 MP: 8/8
  4660 | D:6      | Found a broken altar of Ashenzari.
  5897 | D:7      | Killed from afar by an orc priest

Illustrated notes

Levels and vault maps discovered:
D:1:      minmay_arrival_radiant_lines, layout_loops_cross,
          ebering_ecumenical_altar_sacrificial
D:2:      layout_basic, uniq_crazy_yiuf_cottage, uniq_robin
D:3:      layout_loops_corners, cheibrodos_sewer_entry_sluice, glass_columns_b,
          nicolae_half_adder, uniq_jessica
D:4:      layout_rooms, old_standard_altar, gammafunk_ghost_smash
D:5:      layout_rooms, dreamdust_divine_triumvirate, temple_statues
D:6:      layout_basic, kennysheep_little_box, nicolae_shop_gadgets
D:7:      minmay_the_grid_triangle_9x9_rhombus_thin
          [minmay_the_grid_triangle_9x9_sparse_checkered,
          minmay_the_grid_triangle_9x9_prize_insulated,
          minmay_the_grid_triangle_9x9_dagger,
          minmay_the_grid_triangle_9x9_windchime], layout_rooms,
          mainiacjoe_overflow_brackets, worms_lemuel

Skill      XL: |  1  2  3  4  5  6  7  8  9 |
---------------+----------------------------+-----
Axes           | 4 5 6 8 9 |  9.9
Fighting       | 4 5 6 8 9 |  9.9
Armour         | 3 4 |  4.5
Stealth        | 1 2 |  2.0
Dodging        | 3 4 5 6 |  6.0
Throwing       | 1 2 3 |  3.0
Evocations     | 1 2 3 |  3.7

Action                     |  1- 3 |  4- 6 |  7- 9 || total
---------------------------+-------+-------+-------++-------
  Melee: Hand axe          |    68 |   156 |   227 ||   451
         Headbutt          |     9 |    14 |    40 ||    63
         Punch             |     1 |     1 |     4 ||     6
 Invoke: Berserk           |     3 |     5 |     8 ||    16
    Use: Scroll            |       |     7 |     5 ||    12
         Potion            |       |       |     4 ||     4
 Armour: Scale mail        |    34 |       |       ||    34
         Animal skin       |     4 |       |       ||     4
         Plate armour      |    12 |   103 |   175 ||   290
  Dodge: Dodged            |    37 |    50 |    47 ||   134
  Block: Other             |       |    17 |    35 ||    52
         Reflection        |       |     1 |     2 ||     3
